 Dungeon Crawl Stone Soup version 0.30-a0-137-gd8773701ce (webtiles) character file.

Game seed: 5284864640168476277

180 ReploidZero the Ducker (level 5, -3/41 HPs)
             Began as a Barachi Wanderer on Sept 22, 2022.
             Slain by a gnoll
             ... wielding a +0 halberd
             ... led by a gnoll bouda
              (10 damage)
             ... on level 3 of the Dungeon.
             The game lasted 00:08:48 (3212 turns).

ReploidZero the Ducker (Barachi Wanderer)           Turns: 3212, Time: 00:08:49

Health: -3/41      AC:  7    Str: 16    XL:     5   Next: 60%
Magic:  5/8        EV: 12    Int: 13    God:
Gold:   54         SH:  0    Dex: 10    Spells: 7/8 levels left

rFire   . . .      SeeInvis .    a - +0 hand axe
rCold   . . .      Faith    .    (no shield)
rNeg    . . .      Spirit   .    d - +0 leather armour
rPois   +          Reflect  .    f - +2 helmet
rElec   .          Harm     .    (no cloak)
rCorr   .          Rampage  .    b - +0 pair of gloves
Will    ++...                    (no boots)
Stlth   +.........               (no amulet)
HPRegen 0.13/turn                l - ring of poison resistance
MPRegen 0.11/turn                (no ring)

@: weakened, slow
A: amphibious, slowness 1, strong legs 1, +LOS, strong-willed 2
a: Hop


You were on level 3 of the Dungeon.
You visited 1 branch of the dungeon, and saw 3 of its levels.

You collected 54 gold pieces.

Inventory:

Hand Weapons
 a - a +0 hand axe (weapon)
Missiles
 p - 4 silver javelins
Armour
 b - a +0 pair of gloves (worn)
 d - a +0 leather armour (worn)
 f - a +2 helmet (worn)
Jewellery
 l - a ring of poison resistance (left hand)
Wands
 m - a wand of polymorph (4)
 n - a wand of flame (23)
Scrolls
 e - 2 scrolls of blinking {unknown}
 g - 2 scrolls of identify {unknown}
 h - a scroll of teleportation {unknown}
 i - a scroll of torment {unknown}
 j - a scroll of magic mapping {unknown}
 k - a scroll of brand weapon {unknown}
Potions
 c - 2 potions of attraction
 o - a potion of magic {unknown}
 q - a potion of berserk rage {unknown}


   Skills:
 + Level 3.6 Fighting
 + Level 2.6 Axes
 + Level 4.2 Dodging
 + Level 2.4 Spellcasting
 + Level 3.8 Earth Magic


You had 7 spell levels left.
You knew the following spells:

 Your Spells              Type           Power      Damage    Failure   Level
a - Sandblast             Erth           22%        2d7       6%          1

Your spell library contained the following spells:

 Spells                   Type           Power      Damage    Failure   Level
 Magic Dart               Conj           4%         1d3       30%         1
 Searing Ray              Conj           2%         2d4       41%         2
 Leda's Liquefaction      Hex/Erth       3%         N/A       80%         4
 Petrify                  Tmut/Erth      6%         N/A       80%         4
 Fulminant Prism          Conj/Hex       0%         3d6       96%         4


Dungeon Overview and Level Annotations

Branches:
Dungeon (3/15)

Altars:


Innate Abilities, Weirdness & Mutations

You are amphibious.
You cover ground slowly.
You can hop short distances.
You have an extended range of vision and can be seen from far away.
You are highly strong-willed. (Will++)


Message History

You feel as though you will be weak longer.
The gnoll is no longer moving quickly.
The gnoll hits you from afar with a +0 halberd.
You see here a +0 whip.
You hit the gnoll bouda.
The gnoll bouda is lightly wounded.
The gnoll bouda hits you with a +0 club.
The gnoll closely misses you.
The gnoll is no longer moving quickly.
The gnoll misses you. The gnoll bouda completely misses you.
The gnoll bouda barks out a call to the hunt!
The gnolls pick up the pace!
Aiming: Sandblast (safe; 6% risk of failure)
Press: ? - help, Q - select action, (/) - cycle Shift-Dir - straight line, f - gnoll bouda
Aim: a gnoll bouda, wielding a +0 club and wearing a +0 robe (lightly wounded, 84% to hit)
The blast of sand misses the gnoll bouda.
The blast of sand hits the gnoll.
The gnoll is moderately wounded.
The gnoll barely misses you.
Unknown command.
Aiming: Sandblast (safe; 6% risk of failure)
Press: ? - help, Q - select action, (/) - cycle Shift-Dir - straight line, f/p - gnoll bouda
Aim: a gnoll bouda, wielding a +0 club and wearing a +0 robe (lightly wounded, 84% to hit)
The blast of sand hits the gnoll bouda.
The gnoll bouda is moderately wounded.
The gnoll bouda hits you but does no damage.
The gnoll hits you from afar with a +0 halberd.
The gnoll bouda calls upon its god to heal the gnoll.
The gnoll's wounds heal themselves!
Unknown command.
Aiming: Sandblast (safe; 6% risk of failure)
Press: ? - help, Q - select action, (/) - cycle Shift-Dir - straight line, f/p - gnoll bouda
Aim: a gnoll bouda, wielding a +0 club and wearing a +0 robe (moderately wounded, 84% to hit)
The blast of sand hits the gnoll bouda.
The gnoll bouda is heavily wounded.
The gnoll barely misses you.
The gnoll bouda hits you with a +0 club.
* * * LOW HITPOINT WARNING * * *
The gnoll hits you from afar with a +0 halberd!
You die...

. .. ####### ...####
#.....# ....... ###
#.###.#
.P.....+##.########.# #.#
...PP....#..ggg@..#.###.#
PP.gP.......#####.#...#.#
.P..P.......# #.###.#.#
............# #.###.#.#
...PP...?...# #.....#.#
PP.P..#..#+## #########.#
.........# ........).#
#...###..# #######..#
###. ...# #######..†..#


You could see a gnoll bouda and 2 gnolls.

Vanquished Creatures
  Natasha (thrice) (D:2)
  Robin (D:2)
  A gnoll (D:3)
  3 adders (D:2)
  A dart slug (D:1)
  3 endoplasms
  A giant cockroach (D:1)
  12 goblins
  3 hobgoblins
  4 jackals (D:2)
  8 kobolds
  2 quokkas (D:1)
  4 ball pythons
  A bat (D:2)
  2 frilled lizards (D:1)
  5 rats
54 creatures vanquished.

Vanquished Creatures (others)
  2 plants (D:3)
2 creatures vanquished.

Grand Total: 56 creatures vanquished

Notes
Turn   | Place    | Note
-------+----------+-------------------------------------------
     0 | D:1      | ReploidZero the Barachi Wanderer began the quest for the
                  | Orb.
     0 | D:1      | ReploidZero set off with the following items: a +0 hand
                  | axe, a +0 pair of gloves, a potion of attraction, a +0
                  | leather armour; and the following spell memorised:
                  | Sandblast; and the following spells available to memorise:
                  | Leda's Liquefaction, Petrify.
     0 | D:1      | Reached XP level 1. HP: 17/17 MP: 2/2
   271 | D:1      | Reached XP level 2. HP: 23/23 MP: 1/3
   721 | D:1      | Found a faded altar of an unknown god.
  1376 | D:2      | Reached XP level 3. HP: 16/28 MP: 1/5
  1976 | D:2      | Noticed Robin
  2004 | D:2      | Reached XP level 4. HP: 23/35 MP: 6/6
  2017 | D:2      | Gained mutation: You are strong-willed. (Will+) [potion of
                  | mutation]
  2017 | D:2      | Gained mutation: You are highly strong-willed. (Will++)
                  | [potion of mutation]
  2038 | D:2      | Killed Robin
  2304 | D:2      | Noticed Natasha
  2311 | D:2      | Killed Natasha
  2385 | D:2      | Reached skill level 4 in Dodging
  2446 | D:2      | Noticed Natasha
  2455 | D:2      | Killed Natasha
  2456 | D:2      | Reached XP level 5. HP: 35/41 MP: 2/8
  2618 | D:2      | Noticed Natasha
  2628 | D:2      | Killed Natasha
  3212 | D:3      | Slain by a gnoll

Illustrated notes

Levels and vault maps discovered:
D:1:      minmay_arrival_glassed_features, layout_loops_corners,
          shapermc_ecumenical_altar_totnotflames, minmay_hedge_maze
D:2:      layout_basic, uniq_robin, uniq_natasha
D:3:      layout_basic, gammafunk_ghost_split, nicolae_grassy_gnolls, uniq_ijyb

Skill      XL: |  1  2  3  4 |
---------------+-------------+-----
Fighting       | 3 |  3.6
Axes           | 2 |  2.6
Spellcasting   | 2 |  2.4
Dodging        | 4 |  4.2
Earth Magic    | |  3.8

Action                   |  1- 3 |  4- 6 || total
-------------------------+-------+-------++-------
Melee: Hand axe          |    82 |    59 ||   141
       Punch             |     2 |     2 ||     4
 Cast: Sandblast         |    15 |    23 ||    38
 Abil: Hop               |     1 |       ||     1
  Use: Potion            |       |     2 ||     2
Armor: Leather armour    |    35 |    33 ||    68
Dodge: Dodged            |    84 |    79 ||   163

Table legend: (Time is in decaauts)
 A = Elapsed time spent in this place.
 B = Non-inter-level travel time spent in this place.
 C = Inter-level travel time spent in this place.
 D = Time resting spent in this place.
 E = Time spent auto-exploring this place.
 F = Levels seen in this place.
 G = Mean time per level.
                   A        B        C        D        E       F      G
               +--------+--------+--------+--------+--------+-----+--------+
         Total |   3620 |   3297 |    323 |      0 |   2838 |   3 | 1206.7 |
       Dungeon |   3620 |   3297 |    323 |      0 |   2838 |   3 | 1206.7 |
               +--------+--------+--------+--------+--------+-----+--------+

Top non-repeatable levels by time:
     D:2: 2024 daAuts
     D:1: 1454 daAuts
     D:3: 142 daAuts
